 Dungeon Crawl Stone Soup version 0.26-a0-720-g2a1d101370 (console) character file.

Game seed: 9465169011318791006

231 om the Poker (level 6, -6/73 HPs)
             Began as a Merfolk Berserker on Nov 3, 2020.
             Was a Believer of Trog.
             Mangled by an orc warrior
             ... wielding a +0 scimitar
              (25 damage)
             ... on level 3 of the Dungeon.
             The game lasted 00:05:22 (3867 turns).

om the Poker (Merfolk Berserker)                    Turns: 3867, Time: 00:05:23

Health: -6/73      AC:  2    Str: 18    XL:     6   Next: 4%
Magic:  6/6        EV: 15    Int:  6    God:    Trog [**....]
Gold:   298        SH:  0    Dex: 15    Spells: 5/5 levels left

rFire    + . .     SeeInvis .   a - +0 spear
rCold    + . .     Faith    .   (no shield)
rNeg     . . .     Spirit   .   b - +0 animal skin
rPois    .         Reflect  .   (no helmet)
rElec    .         Harm     .   i - scarf {rC+ rF+}
rCorr    .         Rampage  .   (no gloves)
MR       .....                  (no boots)
Stlth    ..........             (no amulet)
HPRegen  0.22/turn              (no ring)
MPRegen  0.10/turn              (no ring)

@: berserking (expiring), very quick
A: change form in water, swift swim, stealthy swim
a: Berserk, Trog's Hand, Renounce Religion


You were on level 3 of the Dungeon.
You worshipped Trog.
Trog was pleased with you.
You visited 1 branch of the dungeon, and saw 4 of its levels.

You collected 298 gold pieces.

Inventory:

Hand Weapons
 a - a +0 spear (weapon)
Armour
 b - a +0 animal skin (worn)
 i - a scarf of resistance (worn)
Scrolls
 e - a scroll of immolation
 h - 3 scrolls of remove curse
 j - a scroll of teleportation
Potions
 c - 3 potions of haste {unknown}
 d - a potion of magic {unknown}
 f - 2 potions of brilliance {unknown}
 g - 2 potions of invisibility {unknown}
 k - a potion of degeneration {unknown}
 l - a potion of ambrosia {unknown}
 m - a potion of berserk rage {unknown}
 n - a potion of mutation {unknown}


   Skills:
 + Level 4.5 Fighting
 + Level 6.0 Polearms
 + Level 2.5 Armour
 + Level 4.6 Dodging


You had 5 spell levels left.
You didn't know any spells.
Your spell library was empty.

Dungeon Overview and Level Annotations

Branches:
Dungeon (4/15)
 Temple: D:4-7

Altars:
Gozag
Nemelex Xobeh
Trog


Message History

The orc warrior is moderately wounded.
The orc warrior completely misses you.
You puncture the orc warrior!
The orc warrior is heavily wounded.
You closely miss the orc warrior.
The orc warrior is heavily wounded.
You hit the orc warrior.
The orc warrior is severely wounded.
The orc warrior barely misses you.
You closely miss the orc warrior.
The orc warrior is severely wounded.
You puncture the orc warrior!
The orc warrior is almost dead.
The orc warrior barely misses you.
You closely miss the orc warrior.
The orc warrior is almost dead.
You barely miss the orc warrior.
The orc warrior is almost dead.
The orc warrior hits you with a +0 scimitar!!
You die...

#..........##.#
######....#..
##########.##.#
#....#...##.<
#..#'####....#...#...
#............#..##...
#...........#####....
#...........# ##....#
#...........###...⌠.#
#...........##......#
#...........##..#....
#...........##..##...
#...@.......')...#...
#..o.[......##...##.>
#.[.........##....#..
##############....###
#....'.# #....#.#
#....#.# #....#.#
#....#.# ######.# #.#


You could see an orc warrior.

Vanquished Creatures
  Natasha (thrice) (D:3)
  A worker ant (D:4)
  5 adders
  An ooze (D:3)
  3 worms
  2 leopard geckos
  4 orcs (D:3)
  2 ball pythons (D:2)
  7 bats
  3 giant cockroaches
  10 goblins
  8 hobgoblins
  2 jackals (D:3)
  2 quokkas
  6 frilled lizards
  5 kobolds
  9 rats
73 creatures vanquished.

Notes
Turn   | Place    | Note
-------+----------+-------------------------------------------
     0 | D:1      | om the Merfolk Berserker began the quest for the Orb.
     0 | D:1      | Reached XP level 1. HP: 18/18 MP: 1/1
    51 | D:1      | Reached XP level 2. HP: 18/24 MP: 2/2
   567 | D:1      | Reached ** piety under Trog
   568 | D:1      | Reached XP level 3. HP: 23/29 MP: 3/3
   738 | D:2      | Found an opulent altar of Gozag.
   812 | D:2      | Found a sparkling altar of Nemelex Xobeh.
   926 | D:2      | Reached skill level 5 in Polearms
  1502 | D:2      | Reached XP level 4. HP: 33/37 MP: 4/4
  1953 | D:3      | Found a bloodstained altar of Trog.
  1978 | D:3      | Found a sparkling altar of Nemelex Xobeh.
  2583 | D:3      | Noticed Natasha
  2603 | D:3      | Killed Natasha
  2603 | D:3      | Reached XP level 5. HP: 30/42 MP: 5/5
  2896 | D:3      | Noticed Natasha
  2908 | D:3      | Killed Natasha
  3205 | D:3      | Noticed Natasha
  3217 | D:3      | Killed Natasha
  3786 | D:4      | Reached skill level 6 in Polearms
  3786 | D:4      | Reached XP level 6. HP: 49/49 MP: 6/6
  3829 | D:4      | Noticed an orc warrior
  3867 | D:3      | Mangled by an orc warrior

Illustrated notes

Levels and vault maps discovered:
D:1:      dpeg_arrival_round_b, layout_rooms
D:2:      layout_basic, nicolae_gozag_cash_rules_everything_around_me,
          nemelex_altar_shiori
D:3:      layout_basic, old_standard_altar, nicolae_overflow_crystal_walls,
          grunt_ministairs_12, uniq_natasha
D:4:      layout_rooms, nicolae_overflow_hidden_temple

Skill      XL: |  1  2  3  4  5 |
---------------+----------------+-----
Dodging        | 3 4 |  4.6
Polearms       | 5 6 |  6.0
Armour         | 2 |  2.5
Fighting       | 4 |  4.5

Action                   |  1- 3 |  4- 6 || total
-------------------------+-------+-------++-------
Melee: Spear             |   126 |   199 ||   325
Invok: Berserk           |       |     6 ||     6
  Use: Scroll            |     1 |     2 ||     3
 Stab: Sleeping          |     5 |       ||     5
       Distracted        |       |     1 ||     1
Armor: Animal skin       |    19 |     9 ||    28
Dodge: Dodged            |    79 |    85 ||   164

Table legend: (Time is in decaauts)
 A = Elapsed time spent in this place.
 B = Non-inter-level travel time spent in this place.
 C = Inter-level travel time spent in this place.
 D = Time resting spent in this place.
 E = Time spent auto-exploring this place.
 F = Levels seen in this place.
 G = Mean time per level.
                   A        B        C        D        E       F      G
               +--------+--------+--------+--------+--------+-----+--------+
         Total |   3862 |   3693 |    169 |   1207 |   1928 |   4 |  965.5 |
       Dungeon |   3862 |   3693 |    169 |   1207 |   1928 |   4 |  965.5 |
               +--------+--------+--------+--------+--------+-----+--------+

Top non-repeatable levels by time:
     D:3: 1564 daAuts
     D:2: 1211 daAuts
     D:1: 699 daAuts
     D:4: 387 daAuts
